Map: Ruins of Seras

Players

DigitalzEX - Winner!

  • Race: Zerg Zerg
  • League: Diamond

Trizztein

  • Race: Terran Terran
  • League: Platinum

VOD

Have the link to the VOD?

Description

Time

  • Played on: Dec. 24, 2015, 7:31 p.m.
  • Length: 19:09
Show
View Real Time Build Order
Export as new Build Order

DigitalzEX Zerg - Winner!

Build Orders: Hatch First, Muta Ling Bane 

Get SALT Encoding   

  12  0:02  Drone  
  13  0:13  Overlord  
  13  0:19  Drone  
  14  0:31  Drone x2  
  16  0:41  Drone  
  17  0:57  Hatchery  
  17  0:59  Drone  
  17  1:13  Spawning Pool  
  17  1:17  Drone  
  17  1:20  Drone  
  18  1:26  Extractor  
  18  1:40  Drone, Overlord  
  18  1:45  Drone  
  19  2:00  Queen  
  21  2:01  Zergling x2  
  22  2:09  Queen  
  22  2:10  Overlord  
  24  2:18  Drone  
  25  2:23  Zergling x2  
  25  2:27  Metabolic Boost  
  26  2:39  Spore Crawler  
  26  2:40  Spore Crawler  
  26  2:54  Queen  
  26  2:56  Drone x4  
  26  2:58  Overlord  
  32  3:01  Drone  
  33  3:07  Drone  
  34  3:19  Drone x2  
  35  3:30  Drone x7  
  42  3:36  Spine Crawler  
  41  3:46  Roach Warren  
  40  3:53  Zergling x4  
  42  4:02  Hatchery  
  41  4:16  Lair  
  41  4:18  Spore Crawler, Drone x3  
  41  4:19  Drone x2  
  41  4:22  Extractor  
  41  4:23  Drone x4  
  41  4:24  Spore Crawler  
  46  4:29  Zergling x2  
  47  4:38  Roach  
  49  4:54  Roach  
  49  4:56  Overlord x2  
  49  4:59  Overlord  
  51  5:00  Overlord  
  51  5:13  Overlord x2  
  51  5:17  Drone x4  
  55  5:21  Extractor  
  55  5:22  Extractor  
  53  5:29  Evolution Chamber  
  53  5:31  Evolution Chamber  
  53  5:32  Drone x4  
  55  5:41  Overseer  
  53  5:59  Drone x3  
  53  6:00  Drone  
  53  6:01  Drone x6  
  53  6:02  Drone x2  
  65  6:06  Baneling Nest  
  65  6:10  Spire  
  61  6:18  Drone  
  61  6:19  Drone x2  
  61  6:23  Zerg Ground Armor Level 1  
  61  6:24  Zerg Melee Weapons Level 1  
  63  6:34  Overseer  
  63  6:36  Drone x2  
  65  6:40  Zergling x8  
  65  6:42  Zergling x2  
  65  6:43  Zergling x8  
  73  6:57  Overseer  
  72  7:06  Roach x4  
  80  7:08  Glial Reconstitution  
  80  7:12  Drone x3  
  80  7:13  Roach x3  
  89  7:19  Overlord x2  
  89  7:20  Overlord  
  89  7:35  Drone  
  89  7:36  Drone  
  95  7:37  Roach x3  
  97  7:45  Roach x2  
  97  7:46  Roach  
  103  7:51  Hatchery  
  103  7:54  Drone  
  103  7:55  Drone x2  
  107  7:58  Roach x3  
  107  8:00  Zerg Flyer Armor Level 1  
  107  8:09  Spore Crawler  
  107  8:10  Mutalisk x3  
  107  8:11  Mutalisk  
  114  8:17  Drone x4  
  115  8:26  Drone x4  
  119  8:32  Ravager  
  119  8:33  Ravager x3  
  123  8:41  Drone x4  
  126  8:43  Drone x2  
  126  8:45  Overlord x2, Extractor  
  126  8:46  Extractor  
  127  8:53  Baneling x2  
  127  8:54  Baneling x3  
  127  8:56  Centrifical Hooks  
  127  8:58  Zergling x6  
  127  8:59  Overlord x2  
  127  9:02  Queen  
  130  9:08  Ravager  
  133  9:22  Mutalisk  
  133  9:23  Mutalisk x2  
  139  9:26  Zergling x6  
  139  9:27  Zergling x8  
  139  9:28  Drone  
  140  9:39  Drone x3  
  140  9:40  Drone x3  
  140  9:43  Extractor  
  140  9:45  Infestation Pit  
  144  9:46  Extractor  
  143  9:53  Drone x5  
  143  9:55  Drone x3  
  151  10:03  Overlord x3  
  151  10:15  Drone x3  
  149  10:23  Drone x7  
  153  10:32  Drone x5  
  149  10:43  Drone x4  
  149  10:46  Hive  
  149  10:48  Zerg Ground Armor Level 2  
  149  10:49  Zerg Melee Weapons Level 2  
  153  10:51  Drone  
  153  10:52  Drone x2  
  156  10:58  Mutalisk x5  
  156  10:59  Mutalisk  
  156  11:03  Baneling x2  
  156  11:04  Baneling x2  
  168  11:09  Overlord x2  
  169  11:11  Zergling x8  
  172  11:32  Ravager x3  
  176  11:33  Ravager x2  
  176  11:37  Hatchery, Corruptor x2  
  176  11:38  Corruptor x3  
  186  11:53  Overlord x3  
  186  11:54  Roach x3  
  186  11:55  Roach x3  
  198  12:01  Roach x2  
  162  12:21  Infestor x3  
  162  12:22  Corruptor x2  
  159  12:23  Roach x2  
  159  12:24  Roach  
  165  12:39  Viper  
  165  12:41  Zergling x2  
  165  12:42  Zergling x32  
  181  12:52  Zergling x2  
  181  12:53  Zergling x4  
  169  13:08  Zergling x2  
  169  13:09  Zergling x26  
  165  13:33  Roach x5  
  165  13:34  Roach x5  
  155  13:50  Roach x5  
  155  13:51  Roach x7  
  177  13:56  Overseer x2  
  133  14:12  Roach x2  
  133  14:13  Roach x4  
  121  14:22  Ravager x5  
  126  14:25  Corruptor x3  
  126  14:26  Corruptor x4  
  126  14:30  Drone x4  
  139  14:46  Spore Crawler  
  139  14:49  Overlord x3  
  139  14:50  Drone x2  
  139  14:51  Drone x3  
  143  14:53  Drone x4  
  135  15:01  Greater Spire  
  135  15:03  Drone x2  
  135  15:04  Drone x4  
  137  15:15  Pathogen Glands  
  137  15:23  Roach x2  
  137  15:24  Roach x4  
  137  15:27  Zergling x4  
  151  15:29  Drone  
  142  15:56  Roach  
  146  15:57  Roach x8  
  158  16:19  Brood Lord  
  158  16:20  Brood Lord x4  
  158  16:22  Corruptor  
  170  16:34  Spore Crawler  
  170  16:36  Drone x3  
  170  16:37  Drone x2  
  174  16:44  Roach x3  
  180  16:55  Spine Crawler  
  180  16:56  Spine Crawler  
  178  17:03  Roach x4  
  184  17:32  Extractor  
  184  17:33  Extractor  
  182  17:41  Roach x5  
  182  17:42  Infestor x3, Roach  
  191  18:12  Roach x4  
Show
View Real Time Build Order
Export as new Build Order

Trizztein Terran 

Build Orders: Reaper Expand, Mech, Banshee Rush 

Get SALT Encoding   

  12  0:01  SCV  
  13  0:13  SCV  
  14  0:19  Supply Depot  
  14  0:25  SCV  
  15  0:40  SCV  
  15  0:42  Barracks  
  16  0:46  Refinery  
  16  0:52  SCV  
  17  1:06  SCV  
  18  1:18  SCV  
  19  1:31  Reaper, Orbital Command  
  20  1:50  Command Center  
  20  1:58  SCV, Supply Depot  
  21  2:03  Marine  
  22  2:10  SCV  
  23  2:16  Factory  
  23  2:22  SCV  
  24  2:28  Barracks Reactor  
  24  2:30  Refinery  
  24  2:34  SCV  
  25  2:46  SCV  
  26  2:58  SCV  
  26  3:04  Orbital Command  
  27  3:06  Starport  
  27  3:11  SCV  
  28  3:16  Hellion x2  
  32  3:20  Barracks Tech Lab  
  32  3:21  Supply Depot  
  32  3:23  SCV  
  33  3:42  Orbital Command  
  33  3:44  SCV  
  33  3:45  Hellion x2  
  38  3:56  SCV  
  38  3:57  Supply Depot, Cloaking Field  
  38  3:58  Banshee  
  42  4:04  Supply Depot  
  42  4:06  Hellion  
  42  4:08  SCV  
  44  4:20  SCV x2  
  46  4:25  Widow Mine  
  48  4:32  SCV x2  
  48  4:33  Supply Depot  
  48  4:35  Supply Depot  
  50  4:44  SCV x2  
  48  4:56  SCV x2  
  48  4:57  Banshee, Widow Mine x2  
  55  5:03  Supply Depot x2  
  53  5:08  SCV  
  53  5:09  SCV  
  55  5:14  Command Center  
  55  5:20  SCV  
  55  5:21  SCV  
  57  5:28  Barracks Tech Lab  
  57  5:30  Factory x2  
  57  5:31  Refinery  
  57  5:32  Refinery, Starport  
  57  5:41  SCV x2  
  59  5:52  Hellion x2  
  59  5:53  SCV  
  59  5:54  SCV  
  65  6:05  SCV  
  65  6:06  SCV, Armory  
  65  6:07  Armory  
  67  6:13  Widow Mine x2  
  68  6:27  Starport Reactor  
  68  6:28  SCV x2  
  70  6:35  Siege Tank  
  70  6:36  Siege Tank  
  70  6:38  Starport Reactor  
  76  6:40  SCV  
  76  6:42  SCV  
  76  6:43  Orbital Command  
  76  6:45  Supply Depot  
  76  6:46  Hellion x2  
  82  6:52  SCV  
  82  6:54  SCV  
  84  7:07  Siege Tank  
  87  7:10  SCV  
  87  7:11  SCV  
  87  7:12  Siege Tank, Orbital Command  
  87  7:13  Hellion x2  
  96  7:28  SCV x2  
  98  7:32  Liberator  
  98  7:39  Siege Tank  
  98  7:42  SCV x2  
  98  7:44  SCV, Bunker  
  103  7:47  Hellion x2, Siege Tank  
  114  7:54  SCV x2, Refinery x2  
  116  8:04  Supply Depot  
  116  8:05  Terran Vehicle And Ship Armor Level 1, Supply Depot, Terran Vehicle Weapons Level 1  
  116  8:09  SCV x3, Hellion  
  116  8:11  Siege Tank  
  124  8:13  Liberator  
  124  8:17  Liberator  
  124  8:21  SCV  
  124  8:26  SCV x2, Hellion x2, Supply Depot  
  131  8:27  Supply Depot  
  131  8:31  Factory x2  
  131  8:33  SCV  
  135  8:38  Hellion  
  135  8:40  Supply Depot  
  140  8:41  Supply Depot  
  140  8:43  SCV  
  140  8:45  Supply Depot  
  140  8:46  Supply Depot, Liberator  
  140  8:47  Liberator  
  147  8:48  Hellion x3  
  147  8:51  SCV  
  147  8:52  SCV  
  149  8:55  SCV  
  149  8:59  Hellion  
  149  9:03  SCV  
  158  9:10  Hellion  
  158  9:13  Supply Depot  
  158  9:14  Supply Depot  
  158  9:19  Command Center  
  158  9:23  Command Center  
  158  9:33  Liberator x3  
  162  9:38  Hellion x3  
  162  9:39  Hellion  
  173  9:54  Factory Tech Lab  
  173  9:57  SCV  
  173  9:58  Factory  
  173  9:59  Siege Tank  
  177  10:00  Siege Tank  
  177  10:02  SCV  
  177  10:06  Hellion x2  
  185  10:21  Liberator x4  
  185  10:24  Infernal Pre-Igniter  
  185  10:27  Hellion x2  
  175  10:32  Hellion  
  167  10:40  Orbital Command  
  177  10:52  Engineering Bay  
  177  10:56  Terran Vehicle And Ship Armor Level 2  
  177  10:59  Terran Vehicle Weapons Level 2  
  177  11:02  SCV x2  
  179  11:16  Liberator x2  
  177  11:39  SCV x2  
  185  12:08  Orbital Command  
  172  12:24  Hellion x3, Siege Tank  
  172  12:29  Factory Tech Lab  
  181  12:30  Siege Tank  
  181  12:32  Command Center  
  184  12:39  Starport  
  184  12:40  Starport  
  184  12:41  Starport x2  
  184  12:43  SCV x2, Fusion Core  
  186  12:45  Siege Tank  
  170  13:12  Widow Mine x2  
  158  13:29  Planetary Fortress  
  158  13:32  Widow Mine  
  158  13:33  Siege Tank  
  158  13:34  Siege Tank x2  
  138  13:42  Hellion x2  
  139  14:02  Siege Tank  
  137  14:03  Hellion x2  
  137  14:08  Hellion x3  
  134  14:14  Command Center  
  134  14:21  Liberator x3  
  134  14:25  Hellion x2  
  134  14:29  Siege Tank x2  
  134  14:30  Siege Tank  
  144  14:34  Siege Tank  
  137  14:58  Orbital Command  
  137  15:01  Hellion x2  
  137  15:02  Hellion x3  
  137  15:06  Siege Tank  
  147  15:22  Hellion x2, Refinery, Widow Mine x2  
  147  15:23  Refinery, Siege Tank  
  147  15:28  Orbital Command  
  158  15:36  Command Center  
  158  15:44  Refinery  
  158  15:47  Refinery  
  105  16:04  Widow Mine x2  
  105  16:05  Hellion x4  
  108  16:26  Hellion x4  
  116  16:34  Hellion x2  
  116  16:51  Hellion x2  
  116  16:52  Hellion x2  
  124  16:55  Siege Tank  
  121  17:29  Viking  
  116  17:30  Viking x3  
  120  17:39  Viking  
  104  17:48  Planetary Fortress  
  87  17:59  Viking  
  87  18:00  Viking x2  
  86  18:09  Viking  
  86  18:10  SCV  
  84  18:23  Hellion x2  
  84  18:24  Hellion x4  
  78  18:45  Hellion  
Tags
 
Add a new tag
Caveats
  • Supply blocks, unpowered buildings, or Contaminate may cause inaccurate times.
  • Supply counts are checked every 10 seconds.